 Dungeon Crawl Stone Soup version 0.17-a0-2014-g32cd421 (webtiles) character file.

106 tp1 the Skirmisher (level 4, -4/28 HPs)
             Began as a Gargoyle Berserker on Oct 9, 2015.
             Was a Believer of Trog.
             Slain by Sigmund
             ... wielding a +0 scythe
              (5 damage)
             ... on level 3 of the Dungeon.
             The game lasted 00:13:06 (2984 turns).

tp1 the Skirmisher (Gargoyle Berserker)             Turns: 2984, Time: 00:13:06

Health: -4/28      AC:  9    Str: 21    XL:     4   Next: 84%
Magic:  4/4        EV: 11    Int:  8    God:    Trog [**....]
Gold:   239        SH:  0    Dex:  9    Spells: 0 memorised, 3 levels left

rFire  . . .     SeeInvis .     k - -3 mace (curse)
rCold  . . .     Clarity  .     n - +0 ring mail (curse)
rNeg   + . .     SustAt   .     (no shield)
rPois  ∞         Gourm    .     (no helmet)
rElec  +         Spirit   .     (no cloak)
rCorr  .         Warding  .     (no gloves)
rMut   .         Stasis   .     (no boots)
MR     .....                    (no amulet)
Stlth  ..........               (no ring)
                                (no ring)

@: not resistant to hostile enchantments, extremely unstealthy
A: negative energy resistance 1, electricity resistance, unbreathing,
petrification resistance, rot immunity, AC +3
a: Burn Spellbooks, Berserk, Trog's Hand, Renounce Religion


You were on level 3 of the Dungeon.
You worshipped Trog.
Trog was pleased with you.
You were not hungry.

You visited 1 branch of the dungeon, and saw 3 of its levels.

You collected 239 gold pieces.

Inventory:

Hand Weapons
 a - a +0 hand axe
 k - a cursed -3 mace (weapon)
 l - a +1 mace
Armour
 b - a +0 animal skin
 n - a cursed +0 ring mail (worn)
Jewellery
 q - an uncursed ring of see invisible
Scrolls
 h - a scroll of teleportation
 i - a scroll of identify
 p - a scroll of enchant weapon
Potions
 d - 2 potions of ambrosia {unknown}
 e - 2 potions of cancellation {unknown}
 g - 2 potions of degeneration {unknown}
 m - a potion of lignification {unknown}
Comestibles
 c - a bread ration
 f - 4 meat rations
 j - a slice of pizza
 o - a beef jerky
 r - a chunk of flesh


   Skills:
 - Level 3.4 Fighting
 - Level 3.0(3.5) Axes
 * Level 2.8(3.6) Maces & Flails
 - Level 3.0 Armour
 - Level 2.0 Dodging


You had 3 spell levels left.
You didn't know any spells.

Dungeon Overview and Level Annotations

Branches:
Dungeon (3/15)

Altars:

Annotations:
D:3 Sigmund


Innate Abilities, Weirdness & Mutations

You are resistant to torment.
Your stone body is resilient (AC +3).
You are immune to poison.
You resist negative energy.
You are resistant to electric shocks.
You can survive without breathing.
You are immune to petrification.
You are immune to rotting.


Message History

A kobold comes into view. It is wielding a short sword.
The kobold shouts!
You hit the jackal.
The jackal is moderately wounded.
The jackal closely misses you. The jackal misses you.
You sock the jackal!
You kill the jackal!
Trog accepts your kill. Something barely misses you.
You see here a jackal corpse.
You butcher the jackal corpse.
Something hits you!
* * * LOW HITPOINT WARNING * * *
You see here 2 chunks of flesh.
You hit something.
You hear some strange, mumbled words.
A magic dart appears from out of thin air!
The magic dart hits you!
* * * LOW HITPOINT WARNING * * *
Something hits you.
You die... ######....###..#.# ............>..#.# #..... ..#####.#.# #.... +.....#.# #gK. ..####..#.. #gh

.......)##. #.#
####.#####.##.
#%##...#.......##.
#@##.#.#..####.##.
#....#.#....<#....
#..........###(###
#........÷.#......
####.......##...#.###
#..........###..#.#
#..........###..#.###
#.....#.........#...#
#.....#########.#.#..


You could see a jackal, 2 hobgoblins and a kobold.

Vanquished Creatures
  A worker ant (D:3)
  An adder (D:3)
  4 worms (D:2)
  A giant gecko (D:1)
  3 ball pythons (D:1)
  11 bats
  14 hobgoblins
  8 kobolds
  A quokka (D:2)
  A giant newt (D:2)
  2 goblins
  5 jackals
  7 rats
  2 fungi (D:1)
61 creatures vanquished.

Vanquished Creatures (others)
  A plant (D:1)
1 creature vanquished.

Grand Total: 62 creatures vanquished

Notes
Turn   | Place    | Note
--------------------------------------------------------------
     0 | D:1      | tp1 the Gargoyle Berserker began the quest for the Orb.
     0 | D:1      | Reached XP level 1. HP: 14/14 MP: 1/1
   462 | D:1      | Reached XP level 2. HP: 14/19 MP: 2/2
  1183 | D:2      | Reached XP level 3. HP: 23/23 MP: 3/3
  1197 | D:2      | Acquired Trog's second power
  1332 | D:2      | Reached skill level 1 in Maces & Flails
  1942 | D:2      | Found a faded altar to an unknown god.
  1954 | D:2      | Reached XP level 4. HP: 13/28 MP: 4/4
  2972 | D:3      | Noticed Sigmund
  2983 | D:3      | HP: 1/28 [something/magic dart (7)]
  2984 | D:3      | Slain by Sigmund

Vault maps used:
D:1:      elethiomel_arrival_maze, serial_forest, infiniplex_forest_straight_5,
          infiniplex_forest_lined_room_2, infiniplex_forest_clump_double,
          infiniplex_forest_straight_1, infiniplex_forest_diagonal,
          infiniplex_forest_end_3, infiniplex_forest_pool,
          infiniplex_forest_clump_small, infiniplex_forest_end_2,
          minmay_gold_behind_fungi
D:2:      ecumenical_altar_1, grunt_ministairs_13
D:3:      minitemple, first_bread, uniq_sigmund

Action                   |  1- 3 |  4- 6 || total
-------------------------+-------+-------++-------
Melee: Hand axe          |    87 |       ||    87
       Mace              |    80 |    71 ||   151
Invok: Berserk           |     1 |     1 ||     2
  Use: Scroll            |     4 |       ||     4
  Eat: Chunk             |     3 |     6 ||     9
